AoeStats
← 听风昕宇

African Clearing

504481384Analyzed
4v4 RM · 27d ago on Sep 5, 2026· 31m 51s· 8 players
Game mode
Random Map
Map size
Large (8 player)
Population
200
Speed
Normal
Resources
Standard
Victory
Conquest
Starting age
Dark Age
Ending age
Imperial Age
RankedLock teamsTeams togetherTeam positionsShared explorationLock speedFull tech treeHidden civsTurbo modeCheats
Victory
Defeat
🇦🇷 Portuguese · Argentina
1739
+8
🇨🇳 Lithuanians · China
1647
+11
🇪🇸 Celts · Spain
1611
+13
🇨🇳 Bengalis · China
1496
+18
1574
-14
🇨🇳 Magyars · China
1532
-12
🇨🇳 Italians · China
1532
-12
🇨🇳 Wei · China
1528
-12
uchida_inori
12:59 Loom
14:49 Feudal Age
18:58 Castle Age
18:13 Bloodlines
18:05 Double-Bit Axe
19:54 Bow Saw
20:47 Fletching
20:57 Padded Archer Armor
23:25 Padded Archer Armor
25:41 Wheelbarrow
28:31 Fishing Lines
箜声
12:20 Loom
15:08 Feudal Age
13:27 Loom
18:52 Castle Age
18:02 Double-Bit Axe
19:09 Fletching
19:12 Horse Collar
20:42 Bodkin Arrow
26:25 Bloodlines
27:55 Ballistics
28:40 Husbandry
28:43 Padded Archer Armor
neutron_star
5:38 Loom
9:26 Loom
11:56 Feudal Age
12:23 Double-Bit Axe
15:40 Fletching
23:49 Castle Age
23:11 Padded Archer Armor
23:17 Scale Barding Armor
24:06 Town Watch
26:34 Elite Skirmisher
GdR_Johnny Vacanzieri
10:54 Loom
13:28 Feudal Age
17:40 Castle Age
16:37 Stone Mining
16:42 Double-Bit Axe
25:54 Fletching
犹大sama
11:46 Loom
13:39 Feudal Age
14:54 Double-Bit Axe
17:46 Castle Age
16:52 Gold Mining
17:36 Fletching
18:21 Horse Collar
18:53 Bow Saw
22:00 Wheelbarrow
26:26 Padded Archer Armor
27:36 Bodkin Arrow
29:18 Leather Archer Armor
30:28 Stone Mining
31:36 Ballistics
沉香
11:07 Loom
14:28 Feudal Age
15:11 Double-Bit Axe
18:17 Castle Age
18:05 Fletching
18:31 Crossbowman
19:29 Padded Archer Armor
20:19 Bodkin Arrow
听风昕宇
12:37 Feudal Age
10:55 Loom
16:34 Castle Age
14:34 Double-Bit Axe
17:16 Fletching
17:55 Bow Saw
18:21 Bodkin Arrow
24:57 Wheelbarrow
26:19 Padded Archer Armor
28:28 Bloodlines
28:19 Husbandry
29:20 Ballistics
30:04 Thumb Ring
钢铁直男
11:04 Loom
13:08 Feudal Age
14:06 Double-Bit Axe
17:08 Castle Age
16:13 Fletching
19:31 Bodkin Arrow
23:29 Wheelbarrow
22:41 Horse Collar
23:26 Town Watch
25:40 Ballistics
26:50 Padded Archer Armor
29:37 Leather Archer Armor
29:46 Thumb Ring
30:32 Bloodlines
30:29 Gold Mining
31:19 Husbandry
Connection lost

Rejoining the realm…

Still unreachable

The connection could not be restored.

Session expired

The server has moved on; the page needs a fresh start.